 Dungeon Crawl Stone Soup version 0.25-a0-1079-g858b6a6ff6 (webtiles) character file.

Game seed: 4758341909344464513, levelgen mode: deterministic

6090 BattleRest the Protected (level 10, -2/86 HPs)
             Began as a Minotaur Fighter on May 15, 2020.
             Was a High Priest of Okawaru.
             Slain by a seven-headed hydra (6 damage)
             ... on level 8 of the Dungeon.
             The game lasted 00:22:13 (7728 turns).

BattleRest the Protected (Minotaur Fighter)         Turns: 7728, Time: 00:22:13

Health: -2/86      AC: 14    Str: 24    XL:     10   Next: 58%
Magic:  8/9        EV:  7    Int:  3    God:    Okawaru [*****.]
Gold:   641        SH: 18    Dex: 10    Spells: 9/9 levels left

rFire    . . .     SeeInvis .   a - +0 flail
rCold    . . .     Gourm    .   C - +0 tower shield
rNeg     . . .     Faith    .   b - +0 scale mail
rPois    +         Spirit   .   (helmet restricted)
rElec    .         Reflect  .   k - +1 cloak
rCorr    .         Harm     .   (no gloves)
MR       .....                  (no boots)
Stlth    ..........             (no amulet)
HPRegen  0.24/turn              s - +4 ring of slaying
MPRegen  0.11/turn              g - ring of poison resistance

@: no status effects
A: retaliatory headbutt, horns 2, molten scales 1, rugged brown scales 1, dopey
1, frail 1
a: Heroism, Finesse, Renounce Religion


You were on level 8 of the Dungeon.
You worshipped Okawaru.
Okawaru was extremely pleased with you.
You were not hungry.

You visited 1 branch of the dungeon, and saw 9 of its levels.

You collected 641 gold pieces.

Inventory:

Hand Weapons
 a - a +0 flail (weapon)
 w - a +3 hand axe
 H - a +3 scimitar of freezing
Armour
 b - a +0 scale mail (worn)
 c - a +0 kite shield
 k - a +1 cloak (worn)
 C - a +0 tower shield (worn)
Jewellery
 g - a ring of poison resistance (right hand)
 j - an uncursed ring of ice
 n - an uncursed ring of resist corrosion {unknown}
 o - a cursed ring of teleportation {unknown}
 r - an uncursed ring of flight
 s - a +4 ring of slaying (left hand)
 x - an uncursed ring of ice
 z - an uncursed ring of magical power {unknown}
 E - an uncursed ring of positive energy {unknown}
 I - a cursed -4 ring of slaying
Wands
 F - a wand of random effects (13)
Scrolls
 h - 6 scrolls of remove curse
 i - a scroll of blinking {unknown}
 l - a scroll of amnesia {unknown}
 m - a scroll of immolation {unknown}
 p - 5 scrolls of magic mapping {unknown}
 t - 6 scrolls of teleportation
 v - a scroll of random uselessness {unknown}
 y - a scroll of fear {unknown}
 B - a scroll of noise {unknown}
 D - a scroll of enchant armour {unknown}
 G - a scroll of identify
Potions
 d - 3 potions of might
 e - 3 potions of haste {unknown}
 q - 2 potions of flight {unknown}
 u - 2 potions of cancellation {unknown}
 A - a potion of curing
Comestibles
 f - 19 rations


   Skills:
 + Level 10.2 Fighting
 - Level 0.9 Long Blades
 + Level 3.1(6.7) Axes
 - Level 9.2(9.5) Maces & Flails
 + Level 10.2 Armour
 + Level 10.2 Shields


You had 9 spell levels left.
You didn't know any spells.
Your spell library was empty.

Dungeon Overview and Level Annotations

Branches:
Dungeon (9/15)             Temple (0/1) D:6
   Lair: D:8-11         Orc: D:9-12

Altars:
Cheibriados
Okawaru
Ru
Sif Muna
Wu Jian
The Shining One

Shops:
D:4 (   D:5 %


Innate Abilities, Weirdness & Mutations

You reflexively headbutt those who attack you in melee.
You have a pair of horns on your head.
You are partially covered in molten scales. (AC +2)
You are partially covered in rugged brown scales. (AC +1, +3% HP)
You are dopey. (Int -2)
You are frail. (-10% HP)


Message History

* * * LOW HITPOINT WARNING * * *
You block the seven-headed hydra's attack.
The seven-headed hydra closely misses you.
The seven-headed hydra misses you.
The seven-headed hydra barely misses you.
You climb upwards.
There is a stone staircase leading down here.
Unknown command.
There is an escape hatch in the floor here.
You feel like a meek peon again.
You feel better. You block the orc warrior's attack.
The seven-headed hydra closely misses you.
The seven-headed hydra bites you.
* * * LOW HITPOINT WARNING * * *
The seven-headed hydra bites you!
* * * LOW HITPOINT WARNING * * *
You block the seven-headed hydra's attack.
The seven-headed hydra barely misses you.
The seven-headed hydra bites you.
You die...

#.#######.....##.#####.## ##. #.#
#.....##.######.## ##.#
#.#########.....[...# ##.###.##
#...>..# #.####.##.#####)#..#
######.# ##.## #.##........#.#
#.# #.#.###.#.....###.#.## #.#
##.###.>..###.###.....
########.###....D>...# #.....#.).
..............#.@o...###..##.#.##
########.####...(..........).....
#.# #.#.(..............#. #.#
#...(.............##. #.#
#.................##. #.#
#...##.##..#...#.###. #.#
#...#####..##.##.# #. #.# #...#
#..##.##.# ## ####.#####..#
#........####


You could see a seven-headed hydra and an orc warrior.

Vanquished Creatures
  A two-headed ogre (D:8)
  A freezing wraith (D:9)
  Grinder (D:6)
  3 hippogriffs (D:7)
  A hornet (D:9)
  3 hungry ghosts
  3 ice beasts
  3 sky beasts
  2 phantoms
  2 orc warriors
  4 ogres
  A centaur (D:8)
  An eye of draining (D:8)
  2 bullfrogs
  A gnoll sergeant (D:4)
  2 scorpions
  6 killer bees (D:8)
  9 wights
  A howler monkey (D:5)
  8 crimson imps
  A bullfrog zombie (D:6)
  5 hounds
  A jelly (D:8)
  3 bullfrog skeletons
  2 centaur skeletons
  3 orc priests
  6 orc wizards
  5 iguanas
  7 worker ants
  A hound zombie (D:7)
  A worker ant zombie (D:7)
  3 gnolls (D:4)
  13 adders
  2 shadow imps (D:7)
  2 oozes
  2 adder zombies
  An adder skeleton (D:8)
  5 worms
  A dart slug (D:2)
  4 leopard geckos
  33 orcs
  A ball python (D:5)
  2 giant cockroaches
  9 goblins
  8 hobgoblins
  17 jackals
  6 quokkas
  5 bats
  4 frilled lizards
  6 kobolds
  7 rats
221 creatures vanquished.

Notes
Turn   | Place    | Note
-------+----------+-------------------------------------------
     0 | D:1      | BattleRest the Minotaur Fighter began the quest for the
                  | Orb.
     0 | D:1      | Reached XP level 1. HP: 19/19 MP: 0/0
   295 | D:1      | Reached XP level 2. HP: 26/27 MP: 1/1
   560 | D:1      | Reached XP level 3. HP: 31/33 MP: 2/2
  1149 | D:2      | Found a shimmering blue altar of Sif Muna.
  1345 | D:2      | Reached XP level 4. HP: 40/40 MP: 3/3
  2310 | D:4      | Reached XP level 5. HP: 41/47 MP: 4/4
  2389 | D:4      | Reached skill level 5 in Armour
  2389 | D:4      | Reached skill level 5 in Shields
  2390 | D:4      | Reached skill level 5 in Fighting
  2546 | D:4      | Noticed a phantom
  2570 | D:4      | Reached XP level 6. HP: 55/56 MP: 5/5
  2596 | D:4      | Reached skill level 5 in Maces & Flails
  2596 | D:4      | Reached XP level 7. HP: 38/62 MP: 6/6
  2775 | D:4      | Found Tyvve's Weapon Shoppe.
  2997 | D:4      | Found a sacrificial altar of Ru.
  2998 | D:4      | Found an iron altar of Okawaru.
  3000 | D:4      | Found a snail-covered altar of Cheibriados.
  3002 | D:4      | Found an ornate altar of the Wu Jian Council.
  3005 | D:4      | Became a worshipper of Warmaster Okawaru
  3009 | D:4      | Found a glowing golden altar of the Shining One.
  3105 | D:5      | Entered Level 5 of the Dungeon
  3647 | D:5      | Found Fimatwex's Food Boutique.
  3785 | D:5      | Reached XP level 8. HP: 71/71 MP: 7/7
  3854 | D:6      | Reached * piety under Okawaru
  4164 | D:5      | Gained mutation: You tend to lose your temper in combat.
                  | [potion of mutation]
  4164 | D:5      | Gained mutation: You are dopey. (Int -2) [potion of
                  | mutation]
  4164 | D:5      | Gained mutation: Your movements are slightly less
                  | encumbered by armour. (ER -2) [potion of mutation]
  4166 | D:5      | Lost mutation: You are dopey. (Int -2) [potion of mutation]
  4166 | D:5      | Lost mutation: You tend to lose your temper in combat.
                  | [potion of mutation]
  4166 | D:5      | Gained mutation: You are somewhat resistant to further
                  | mutation. [potion of mutation]
  4167 | D:5      | Lost mutation: You are somewhat resistant to further
                  | mutation. [potion of mutation]
  4167 | D:5      | Lost mutation: Your movements are slightly less encumbered
                  | by armour. (ER -2) [potion of mutation]
  4167 | D:5      | Gained mutation: You are frail. (-10% HP) [potion of
                  | mutation]
  4167 | D:5      | Gained mutation: You are dopey. (Int -2) [potion of
                  | mutation]
  4167 | D:5      | Gained mutation: You are partially covered in rugged brown
                  | scales. (AC +1, +3% HP) [potion of mutation]
  4167 | D:5      | Gained mutation: You are partially covered in molten
                  | scales. (AC +2) [potion of mutation]
  4833 | D:6      | Found a staircase to the Ecumenical Temple.
  5199 | D:6      | Noticed Grinder
  5205 | D:6      | Killed Grinder
  5205 | D:6      | Reached ** piety under Okawaru
  5340 | D:7      | Reached XP level 9. HP: 75/75 MP: 8/8
  5614 | D:7      | Reached *** piety under Okawaru
  6013 | D:8      | Noticed a two-headed ogre
  6024 | D:8      | Killed a two-headed ogre
  6024 | D:8      | Reached **** piety under Okawaru
  6024 | D:8      | Reached XP level 10. HP: 43/84 MP: 9/9
  6820 | D:8      | Reached skill level 1 in Axes
  7088 | D:9      | Reached skill level 10 in Armour
  7164 | D:9      | Reached skill level 10 in Fighting
  7177 | D:9      | Reached skill level 10 in Shields
  7575 | D:9      | Reached ***** piety under Okawaru
  7687 | D:9      | Noticed a seven-headed hydra
  7728 | D:8      | HP: 4/86 [seven-headed hydra (10)]
  7728 | D:8      | Slain by a seven-headed hydra

Illustrated notes

Levels and vault maps discovered:
D:1:      nicolae_arrival_memento_mori, layout_basic, st_stairs_10
D:2:      layout_loops_ring, nicolae_overflow_crystal_walls, moated_statue,
          minmay_misc_feat_four_crosses
D:3:      layout_loops_cross, first_ration
D:4:      layout_rooms, minitemple, serial_shops, shop, lightli_minifort
D:5:      layout_basic, serial_shops, shop_fountains
D:6:      layout_loops_ring, minmay_temple_entry_fiery,
          kennysheep_generic_room_10, uniq_grinder
D:7:      layout_rooms, minmay_misc_feat_plants
D:8:      layout_loops_ring
D:9:      minmay_the_grid_triangle_9x9_recursive_2_mashed
          [minmay_the_grid_triangle_9x9_prize_center,
          minmay_the_grid_triangle_9x9_thin_v,
          minmay_the_grid_triangle_9x9_checkered,
          minmay_the_grid_triangle_9x9_warning], layout_cave_pods

Skill      XL: |  1  2  3  4  5  6  7  8  9 10 |
---------------+-------------------------------+-----
Armour         | 4 5 6 7 9 10 | 10.2
Shields        | 4 5 6 7 9 10 | 10.2
Fighting       | 4 5 6 7 9 10 | 10.2
Maces & Flails | 3 4 5 6 7 9 |  9.2
Axes           | 3 |  3.1
Long Blades    | |  0.9

Action                   |  1- 3 |  4- 6 |  7- 9 | 10-12 || total
-------------------------+-------+-------+-------+-------++-------
Melee: Flail             |    85 |   116 |   308 |    68 ||   577
       Headbutt          |    10 |    17 |    66 |    32 ||   125
       Hand axe          |       |       |       |    82 ||    82
       Scimitar          |       |       |       |    10 ||    10
Invok: Heroism           |       |       |     2 |     2 ||     4
  Use: Potion            |       |     1 |     3 |     1 ||     5
       Scroll            |       |       |     6 |       ||     6
  Eat: Chunk             |     1 |     4 |    13 |     7 ||    25
Armor: Scale mail        |    24 |    45 |   115 |    50 ||   234
Dodge: Dodged            |    31 |    33 |    61 |    32 ||   157
Block: Kite shield       |    44 |    56 |    44 |       ||   144
       Tower shield      |       |       |   235 |   154 ||   389

Table legend:
 A = Non-vault XP
 B = Vault XP
 C = Vault XP percentage of total XP
 D = Non-vault monster count
 E = Vault monster count
 F = Vault count percentage of total count
                 A         B        C        D         E       F
            +---------+---------+-------+---------+---------+-------
      Total |    7786 |     914 |  10.5 |     210 |      11 |   5.0
            +---------+---------+-------+---------+---------+-------
        D:1 |      43 |       2 |   4.4 |      24 |       1 |   4.0
        D:2 |      69 |       0 |   0.0 |      14 |       0 |   0.0
        D:3 |      73 |       0 |   0.0 |      21 |       0 |   0.0
        D:4 |     597 |     126 |  17.4 |      25 |       4 |  13.8
        D:5 |     640 |       0 |   0.0 |      24 |       0 |   0.0
        D:6 |     931 |     303 |  24.6 |      27 |       2 |   6.9
        D:7 |    1910 |       0 |   0.0 |      30 |       0 |   0.0
        D:8 |    2574 |       0 |   0.0 |      30 |       0 |   0.0
        D:9 |     949 |     483 |  33.7 |      15 |       4 |  21.1
            +---------+---------+-------+---------+---------+-------
